 Dungeon Crawl Stone Soup version 0.31-a0-703-gcfe89afef6 (webtiles) character file.

Game seed: 4423747753937707670

157 qw the Shooter (level 5, -5/32 HPs)
             Began as a Gargoyle Hunter on Sept 8, 2023.
             Slain by Terence
             ... wielding a +2 flail of protection
              (7 damage)
             ... on level 3 of the Dungeon.
             The game lasted 00:00:47 (1737 turns).

qw the Shooter (Gargoyle Hunter)                    Turns: 1737, Time: 00:00:48

Health: -5/32      AC:  9    Str: 15    XL:     5   Next: 38%
Magic:  5/5        EV: 11    Int:  9    God:
Gold:   71         SH:  0    Dex: 15    Spells: 4/4 levels left

rFire   . . .        Y - +0 shortbow
rCold   . . .        (shield currently unavailable)
rNeg    + . .        c - +0 leather armour
rPois   inf          (no helmet)
rElec   +            (no cloak)
rCorr   .            g - +1 pair of gloves
SInv    +            (no boots)
Will    .....        (no amulet)
Stlth   ++           h - ring of see invisible
HPRegen 0.25/turn    (no ring)
MPRegen 0.09/turn

%: no passive effects
@: no status effects
A: sickness immunity, AC +4, negative energy resistance 1, electricity
resistance, torment resistance 1, petrification resistance
a: no special abilities


You were on level 3 of the Dungeon.
You visited 1 branch of the dungeon, and saw 3 of its levels.

You collected 71 gold pieces.


Innate Abilities, Weirdness & Mutations

You are immune to sickness and miasma.
Your stone body is resilient. (AC +4)
You are immune to poison.
You resist negative energy. (rN+)
You are resistant to electric shocks. (rElec)
You are resistant to unholy torment.
You are immune to petrification.


   Skills:
 + Level 3.1 Fighting
 - Level 6.0 Ranged Weapons
 - Level 1.0 Armour
 - Level 1.5 Dodging
 - Level 1.1 Stealth


You had 4 spell levels left.
You didn't know any spells.
Your spell library was empty.

Inventory:

Hand Weapons
 Y - a +0 shortbow (weapon)
Armour
 c - a +0 leather armour (worn)
 g - a +1 pair of gloves (worn)
Jewellery
 a - a ring of see invisible
 h - a ring of see invisible (left hand)
Potions
 b - 2 potions of haste {unknown}
 d - a potion of degeneration {unknown}

Dungeon Overview and Level Annotations

Branches:
Dungeon (3/15)

Altars:
Sif Muna

Annotations:
D:3 Terence


Message History

You shoot an arrow.
The arrow hits Terence but does no damage.
Terence hits you with a +2 flail of protection.
You shoot an arrow. The arrow barely misses Terence.
The arrow hits the worm.
The worm is moderately wounded.
Terence says, "Rest in peace."
Terence barely misses you.
You shoot an arrow. The arrow closely misses Terence.
The arrow hits the worm but does no damage.
The worm is moderately wounded.
Terence hits you with a +2 flail of protection. x2
You shoot an arrow. The arrow closely misses Terence.
The arrow hits the worm!
The worm is severely wounded.
Terence hits you with a +2 flail of protection.
You shoot an arrow.
The arrow hits Terence but does no damage.
Terence hits you but does no damage.
You shoot an arrow. The arrow barely misses Terence.
The arrow hits the worm but does no damage.
The worm is heavily wounded.
Terence hits you with a +2 flail of protection!
You shoot an arrow. The arrow hits Terence!
Terence is moderately wounded.
Terence hits you with a +2 flail of protection.
You shoot an arrow. The arrow barely misses Terence.
The arrow hits the worm.
The worm is severely wounded.
Terence hits you but does no damage.
You shoot an arrow.
The arrow hits Terence but does no damage.
Terence is moderately wounded.
Terence barely misses you.
You shoot an arrow.
The arrow hits Terence but does no damage.
Terence is moderately wounded.
Terence hits you but does no damage.
You shoot an arrow.
The arrow hits Terence but does no damage.
Terence is moderately wounded.
Terence hits you with a +2 flail of protection!
You die...

...#.# # #..##
.## #.# #. ...#
#. ..# #.##..# #
### #......
#...... #.#.)w#
#.#.#@#
#.#.#@####
#...)....#
##..####.# #....#
# #.##...... #.#
###.#. #.#####.#
.########.......#
.........########
#.


You could see Terence and a worm.

Vanquished Creatures
  2 orc wizards (D:3)
  4 adders
  A worm (D:2)
  A dart slug (D:3)
  8 orcs (D:3)
  4 ball pythons
  3 endoplasms
  A giant cockroach (D:3)
  11 goblins
  6 hobgoblins
  A quokka (D:2)
  7 bats
  A frilled lizard (D:3)
  5 kobolds
  4 rats
59 creatures vanquished.

Notes
Turn   | Place    | Note
-------+----------+-------------------------------------------
     0 | D:1      | qw the Gargoyle Hunter began the quest for the Orb.
     0 | D:1      | Reached XP level 1. HP: 12/12 MP: 1/1
     0 | D:1      | 0 ||| qw: Version: 0.3-a-76-g4403597
     0 | D:1      | 0 ||| qw: Game counter: 1284
     0 | D:1      | 0 ||| qw: Melee chars always use a shield: true
     0 | D:1      | 0 ||| qw: God list: Okawaru
     0 | D:1      | 0 ||| qw: Allow faded altars: false
     0 | D:1      | 0 ||| qw: Do Orc after clearing Dungeon:15 true
     0 | D:1      | 0 ||| qw: Do second Lair branch before Depths: true
     0 | D:1      | 0 ||| qw: Lair rune preference: random
     0 | D:1      | 0 ||| qw: Goals: Normal
     0 | D:1      | 0 ||| PLANNING D:1-11
    99 | D:1      | Reached XP level 2. HP: 17/17 MP: 2/2
   350 | D:1      | Reached XP level 3. HP: 18/21 MP: 3/3
   405 | D:1      | Reached skill level 5 in Ranged Weapons
   527 | D:1      | 527 ||| UPGRADING to +0 pair of gloves.
   532 | D:1      | 532 ||| UPGRADING to ring of see invisible.
   533 | D:1      | 533 ||| READING 2 scrolls labelled HIYMYUNKATS.
   534 | D:1      | 534 ||| READING scroll of enchant armour.
   534 | D:1      | 534 ||| ENCHANTING +0 pair of gloves.
   535 | D:1      | 535 ||| READING scroll labelled TUBAUKL YLEUZOGA.
   536 | D:1      | 536 ||| READING 4 scrolls labelled FUZXANLONU.
   539 | D:1      | 539 ||| READING scroll labelled CITEFU ROSUFF.
   540 | D:1      | 540 ||| DROPPING scroll of butterflies.
   948 | D:2      | Reached skill level 3 in Fighting
   965 | D:2      | Reached XP level 4. HP: 28/28 MP: 4/4
  1274 | D:2      | 1274 ||| READING scroll labelled TEAHAETHR DIAFU.
  1275 | D:2      | 1275 ||| DRINKING 2 orange potions.
  1298 | D:3      | 1298 ||| STAIRDANCE
  1323 | D:3      | Found a shimmering blue altar of Sif Muna.
  1372 | D:3      | HP: 6/28 [worm (7)]
  1373 | D:3      | 1373 ||| READING 3 scrolls of teleportation.
  1376 | D:3      | 1376 ||| READING 2 scrolls of teleportation.
  1377 | D:3      | HP: 5/28 [ball python (1)]
  1380 | D:3      | 1380 ||| READING scroll of teleportation.
  1621 | D:3      | Reached XP level 5. HP: 32/32 MP: 5/5
  1629 | D:3      | 1629 ||| DRINKING potion of curing.
  1629 | D:3      | 1629 ||| (to cure confusion)
  1639 | D:3      | Reached skill level 6 in Ranged Weapons
  1713 | D:3      | Noticed Terence
  1724 | D:3      | Reached skill level 1 in Armour
  1732 | D:3      | HP: 3/32 [Terence/+2 flail of protection (12)]
  1733 | D:3      | HP: 1/32 [Terence/+2 flail of protection (2)]
  1737 | D:3      | Slain by Terence

Levels and vault maps discovered:
D:1:      dpeg_arrival_chambers_temple_mockup, layout_rooms,
          chequers_serial_rivers_room_b
D:2:      layout_basic, minmay_misc_feat_roman
D:3:      layout_loops_cross, grunt_temple_overflow_champion_of_chaos,
          nicolae_overflow_two_pavilions, mainiacjoe_overflow_cross_hatched,
          feat_on_display, uniq_terence

Skill      XL: |  1  2  3  4  5 |
---------------+----------------+-----
Ranged Weapons | 5 6 |  6.0
Fighting       | 3 |  3.1
Armour         | 1 |  1.0
Dodging        | |  1.5
Stealth        | |  1.1

Action                     |  1- 3 |  4- 6 || total
---------------------------+-------+-------++-------
   Fire: Shortbow          |   105 |    92 ||   197
    Use: Scroll            |     5 |     4 ||     9
         Potion            |       |     2 ||     2
 Armour: Leather armour    |    22 |    47 ||    69
  Dodge: Dodged            |    26 |    30 ||    56

Table legend:
 A = Non-vault XP
 B = Vault XP
 C = Vault XP percentage of total XP
 D = Non-vault monster count
 E = Vault monster count
 F = Vault count percentage of total count
                 A         B        C        D         E       F
            +---------+---------+-------+---------+---------+-------
      Total |     225 |       0 |   0.0 |      59 |       0 |   0.0
            +---------+---------+-------+---------+---------+-------
        D:1 |      44 |       0 |   0.0 |      27 |       0 |   0.0
        D:2 |      55 |       0 |   0.0 |      11 |       0 |   0.0
        D:3 |     126 |       0 |   0.0 |      21 |       0 |   0.0
            +---------+---------+-------+---------+---------+-------
